 Dungeon Crawl Stone Soup version 0.28.0-45-g0d030f2227 (webtiles) character file.

Game seed: 14288335436345638130

114 NinjaNoafa the Sneak (level 5, -2/32 HPs)
             Began as a Kobold Brigand on Apr 3, 2022.
             Was a Believer of Lugonu.
             Slain by an adder (5 damage)
             ... on level 4 of the Dungeon.
             The game lasted 00:11:48 (3412 turns).

NinjaNoafa the Sneak (Kobold Brigand)               Turns: 3412, Time: 00:11:49

Health: -2/32      AC: -1    Str:  9    XL:     5   Next: 18%
Magic:  5/5        EV: 15    Int: 16    God:    Lugonu [**....]
Gold:   151        SH:  0    Dex: 22    Spells: 4/4 levels left

rFire   . . .      SeeInvis .   f - +2 short sword (speed)
rCold   . . .      Faith    .   (no shield)
rNeg    . . .      Spirit   .   b - +0 robe
rPois   .          Reflect  .   (no helmet)
rElec   .          Harm     .   w - -4 cloak of the Leaf {Int+4 Dex+4}
rCorr   .          Rampage  .   (no gloves)
Will    .....                   (no boots)
Stlth   +++++.....              (no amulet)
HPRegen 0.10/turn               (no ring)
MPRegen 0.09/turn               (no ring)

@: no status effects
A: small, no large weapons, nightstalker 3
a: Renounce Religion, Depart the Abyss, Bend Space


You were on level 4 of the Dungeon.
You worshipped Lugonu.
Lugonu was pleased with you.
You visited 1 branch of the dungeon, and saw 4 of its levels.

You collected 151 gold pieces.

Inventory:

Hand Weapons
 a - a +2 dagger
 f - a +2 short sword of speed (weapon)
 j - a +0 long sword of holy wrath
 l - a +0 hunting sling
 n - a +1 falchion of holy wrath
 q - the +3 mace of the Slashing Stork {elec, rElec}
   (You found it on level 3 of the Dungeon)

   It occasionally discharges a powerful burst of electricity upon striking a
   foe.
   rElec:     It insulates you from electricity.
 r - the +1 mace "Beipeod" {vamp, +Blink rPois Str+2}
   (You found it on level 3 of the Dungeon)

   It occasionally heals its wielder for a portion of the damage dealt when it
   wounds a living foe.
   Str:       It affects your strength (+2).
   rPois:     It protects you from poison.
   +Blink:    It lets you blink.
 s - a +4 quarterstaff of chaos
Missiles
 d - 7 poisoned darts (quivered)
 e - 8 curare-tipped darts
 h - 16 stones
 k - 56 arrows
 m - 13 sling bullets
 t - 6 boomerangs
Armour
 b - a +0 robe (worn)
 c - a +0 cloak
 g - a +1 leather armour of fire resistance
 p - a +2 chain mail of cold resistance
 w - the -4 cloak of the Leaf (worn) {Int+4 Dex+4}
   (You found it on level 3 of the Dungeon)

   Int:       It affects your intelligence (+4).
   Dex:       It affects your dexterity (+4).
Magical Staves
 x - a staff of death
Scrolls
 i - a scroll of teleportation {unknown}
 o - 4 scrolls of identify {unknown}
Potions
 u - a potion of brilliance {unknown}
 v - a potion of heal wounds {unknown}


   Skills:
 + Level 2.8 Fighting
 + Level 3.6 Short Blades
 * Level 0.0 Staves
 + Level 3.0 Throwing
 * Level 2.5 Dodging
 + Level 6.3 Stealth
 * Level 0.2 Spellcasting
 * Level 0.4 Necromancy
 + Level 0.0 Evocations


You had 4 spell levels left.
You didn't know any spells.
Your spell library contained the following spells:

 Spells                   Type           Power      Damage    Failure   Level
 Animate Skeleton         Necr           2%         N/A       22%         1
 Pain                     Necr           4%         1d4       22%         1
 Vampiric Draining        Necr           1%         2d6       54%         3


Dungeon Overview and Level Annotations

Branches:
Dungeon (4/15)
 Temple: D:4-7

Altars:
Lugonu


Innate Abilities, Weirdness & Mutations

You are small and have problems with some larger weapons.
You are completely attuned to the shadows.


Message History

The adder closely misses you.
You completely miss the adder.
The adder is lightly wounded.
The adder closely misses you. x2
You hit the adder.
The adder is moderately wounded.
The adder misses you.
You hit the adder but do no damage.
The adder is moderately wounded.
The adder bites you. The adder closely misses you.
Your +4 quarterstaff of chaos is briefly surrounded by a scintillating aura of random colours.
s - a +4 quarterstaff of chaos (weapon)
The adder bites you.
You are poisoned.
The adder poisons you!
You hit the adder.
The adder is moderately wounded.
You feel sick. The adder bites you.
You miss the adder.
The adder is moderately wounded.
You feel sick. The adder bites you. x2
You closely miss the adder.
The adder is moderately wounded.
You feel sick. The adder bites you.
* * * LOW HITPOINT WARNING * * *
The adder misses you.
Your hands tingle!
f - a +2 short sword of speed (weapon)
You hit the adder.
The adder is severely wounded.
You feel sick.
You are no longer poisoned.
The adder closely misses you.
You hit the adder.
The adder is severely wounded.
The adder bites you.
* * * LOW HITPOINT WARNING * * *
The adder misses you. The adder bites you.
You die...

#†# ###^###...# #.#
###.......# #.#
###.........#
#.####...#####...#
##.#....### ######
#....#### #[...#
.......# #....#
###....##########....#
...........@S.......#
##....##########....#
#....# #....# ######
#....# ####


You could see an adder.

Vanquished Creatures
  Crazy Yiuf (D:3)
  3 adders
  3 dart slugs
  5 orcs (D:3)
  2 bats
  5 endoplasms (D:2)
  3 giant cockroaches
  5 goblins
  6 hobgoblins
  3 quokkas
  3 ball pythons
  A frilled lizard (D:1)
  2 kobolds
  3 rats
45 creatures vanquished.

Vanquished Creatures (others)
  A fungus (D:3)
1 creature vanquished.

Grand Total: 46 creatures vanquished

Notes
Turn   | Place    | Note
-------+----------+-------------------------------------------
     0 | D:1      | NinjaNoafa the Kobold Brigand began the quest for the Orb.
     0 | D:1      | Reached XP level 1. HP: 12/12 MP: 1/1
   175 | D:1      | Reached XP level 2. HP: 18/18 MP: 2/2
   977 | D:2      | Reached XP level 3. HP: 22/22 MP: 3/3
  1663 | D:2      | Reached skill level 6 in Stealth
  1694 | D:2      | Reached XP level 4. HP: 27/27 MP: 4/4
  2197 | D:3      | Identified the +3 mace of the Slashing Stork {elec, rElec}
  2198 | D:3      | Identified the +1 mace "Beipeod" {vamp, +Blink rPois Str+2}
  2203 | D:3      | Found a runed translucent door.
  2206 | D:3      | Noticed Crazy Yiuf
  2211 | D:3      | Killed Crazy Yiuf
  2488 | D:3      | Found a faded altar of an unknown god.
  2497 | D:3      | Prayed at the altar of an unknown god.
  2497 | D:3      | Became a worshipper of Lugonu the Unformed
  2497 | D:3      | Reached * piety under Lugonu
  2497 | D:3      | Reached ** piety under Lugonu
  2603 | D:3      | Reached XP level 5. HP: 32/32 MP: 5/5
  2622 | D:3      | Identified the -4 cloak of the Leaf {Int+4 Dex+4}
  3412 | D:4      | Slain by an adder

Illustrated notes

Levels and vault maps discovered:
D:1:      minmay_arrival_five_plusses, layout_loops_cross
D:2:      layout_basic
D:3:      layout_loops_ring, shapermc_ecumenical_altar_mp_urbaneastern,
          hangedman_decor_push, minivault_14, uniq_crazy_yiuf_cottage
D:4:      layout_rooms, minmay_temple_entry_antechambers

Skill      XL: |  1  2  3  4  5 |
---------------+----------------+-----
Short Blades   | 3 |  3.6
Dodging        | 2 |  2.5
Stealth        | 6 |  6.3
Throwing       | 3 |  3.0
Fighting       | |  2.8
Spellcasting   | |  0.2
Necromancy     | |  0.4

Action                   |  1- 3 |  4- 6 || total
-------------------------+-------+-------++-------
Melee: Dagger            |    11 |       ||    11
       Short sword       |    39 |    54 ||    93
       Staff             |       |     8 ||     8
       Quarterstaff      |       |     3 ||     3
Throw: Dart              |     3 |     3 ||     6
  Use: Potion            |       |     2 ||     2
       Scroll            |       |     1 ||     1
 Stab: Sleeping          |    11 |     9 ||    20
       Distracted        |     1 |       ||     1
Armor: Robe              |     7 |     2 ||     9
       Skin              |       |     5 ||     5
Dodge: Dodged            |    11 |    26 ||    37
